 Dungeon Crawl Stone Soup version 0.24.1-14-gf8d2b509d9 (webtiles) character file.

Game seed: 2297206976656811803, levelgen mode: deterministic

53 Descartes the Charmwright (level 3, 0/16 HPs)
             Began as a Felid Skald on June 2, 2020.
             Killed from afar by a dart slug (6 damage)
             ... with a slug dart
             ... on level 2 of the Dungeon.
             The game lasted 00:04:10 (2121 turns).

Descartes the Charmwright (Felid Skald)             Turns: 2121, Time: 00:04:11

Health: 0/16       AC:  1    Str:  8    XL:     3   Next: 62%
Magic:  7/7        EV: 18    Int: 14    God:
Gold:   127        SH:  0    Dex: 15    Spells: 5/6 levels left
                                        Lives:  0   Deaths: 0

rFire    . . .     SeeInvis +     - Unarmed
rCold    . . .     Gourm    .   (shield unavailable)
rNeg     . . .     Faith    .   (armour unavailable)
rPois    .         Spirit   .   (helmet unavailable)
rElec    .         Reflect  .   (cloak unavailable)
rCorr    .         Harm     .   (gloves unavailable)
MR       .....                  (boots unavailable)
Stlth    ++........             (no amulet)
HPRegen  0.05/turn              a - ring of attention (curse)
MPRegen  0.10/turn              d - ring of stealth

@: quick
A: very small, no armour, no weapons or thrown items, stealth, claws 1, fangs 3,
see invisible, carnivore, speed 1, shaggy fur 1, slow metabolism 1, sharp paws
a: no special abilities


You were on level 2 of the Dungeon.
You were completely stuffed.

You visited 1 branch of the dungeon, and saw 2 of its levels.

You collected 127 gold pieces.

Inventory:

Missiles
 e - 55 stones
Jewellery
 a - a cursed ring of attention (left paw)
 d - a ring of stealth (right paw)
Scrolls
 j - a scroll of identify
 l - a scroll of fear {unknown}
Potions
 c - 2 potions of mutation {unknown}
 f - a potion of ambrosia
 g - a potion of degeneration {unknown}
 i - a potion of brilliance {unknown}
 k - a potion of heal wounds {unknown}
Comestibles
 b - a ration
 h - 2 chunks of flesh


   Skills:
 + Level 2.3 Fighting
 + Level 3.5 Dodging
 * Level 2.0 Stealth
 * Level 2.8 Unarmed Combat
 + Level 2.2 Spellcasting
 + Level 3.9 Charms


You had 5 spell levels left.
You knew the following spells:

 Your Spells              Type           Power        Failure   Level  Hunger
a - Infusion              Chrm           ##..         4%          1    #......

Your spell library contained the following spells:

 Spells                   Type           Power        Failure   Level  Hunger
 Song of Slaying          Chrm           ##......     7%          2    ###....
 Shroud of Golubria       Chrm/Tloc      #.....       16%         2    ###....
 Regeneration             Chrm/Necr      #.........   30%         3    ###....
 Spectral Weapon          Hex/Chrm       Unusable     N/A         3    N/A

Dungeon Overview and Level Annotations

Branches:
Dungeon (2/15)

Altars:


Innate Abilities, Weirdness & Mutations

You cannot wear armour.
You are incapable of wielding weapons or throwing items.
Your paws allow you to move quietly. (Stealth)
You have sharp claws.
You have razor-sharp teeth.
You have supernaturally acute eyesight. (SInv)
You are carnivorous and can eat meat at any time.
You cover ground quickly.
You are covered in fur. (AC +1)
You have a slow metabolism.
Your sharp claws are effective at attacking unaware monsters.


Message History

The worm is severely wounded.
The worm bites you!
Ouch! That really hurt!
You are too injured to fight recklessly!
You are too injured to fight recklessly!
You barely miss the worm.
The worm is heavily wounded.
You scratch the worm.
The worm is almost dead.
The worm barely misses you.
You scratch the worm.
You kill the worm!
You see here a worm corpse.
You butcher the worm corpse.
You see here 3 chunks of flesh.
You see here a frilled lizard corpse.
You butcher the frilled lizard corpse.
The dart slug launches a dart at you. The slug dart hits you.
You die...

..........# .. ..
..........######.# .8#.#
..)......[##..$..##.##.#
..........##...........#
..........##...........#
######.#####......w....#
#.................#
#.................#
#.........%@......#
#.#####..........%# #.#
#...........#
######.#####...........#
#.........##...........#
#.........##...........#
#.........##...........#
..........##############
..........#


You could see a dart slug.

Vanquished Creatures
  An adder skeleton (D:2)
  A worm (D:2)
  A dart slug (D:1)
  A leopard gecko (D:1)
  8 bats
  A giant cockroach (D:1)
  7 goblins
  3 hobgoblins (D:1)
  A quokka (D:2)
  4 frilled lizards
  7 kobolds
  8 rats
43 creatures vanquished.

Notes
Turn   | Place    | Note
-------+----------+-------------------------------------------
     0 | D:1      | Descartes the Felid Skald began the quest for the Orb.
     0 | D:1      | Reached XP level 1. HP: 9/9 MP: 4/4
   250 | D:1      | Reached skill level 1 in Stealth
   253 | D:1      | Reached XP level 2. HP: 13/13 MP: 6/6
  1181 | D:1      | Reached XP level 3. HP: 16/16 MP: 7/7
  2121 | D:2      | Killed from afar by a dart slug

Levels and vault maps discovered:
D:1:      dpeg_arrival_tiny_j, layout_basic, minmay_tripent
D:2:      layout_basic, small_statue_intersection

Skill      XL: |  1  2  3 |
---------------+----------+-----
Stealth        | 1 2 |  2.0
Fighting       | |  2.3
Dodging        | |  3.5
Unarmed Combat | |  2.8
Spellcasting   | |  2.2
Charms         | |  3.9

Action                   || total
-------------------------++-------
Melee: Unarmed           ||   141
       Bite              ||     8
  Use: Scroll            ||     2
 Stab: Sleeping          ||     3
  Eat: Chunk             ||    10
Armor: Skin              ||    10
Dodge: Dodged            ||   122
